 Dungeon Crawl Stone Soup version 0.30-a0-528-g8c47a4955b (webtiles) character file.

Game seed: 12055294328494797527

647 Khashishi the Digger (level 7, -2/51 HPs)
             Began as a Formicid Earth Elementalist on Dec 23, 2022.
             Slain by a lemure (6 damage)
             ... led by Pikel
             ... on level 6 of the Dungeon.
             The game lasted 00:19:40 (4075 turns).

Khashishi the Digger (Formicid Earth Elementalist)  Turns: 4075, Time: 00:19:41

Health: -2/51      AC:  5    Str: 13    XL:     7   Next: 82%
Magic:  5/12       EV: 10    Int: 16    God:
Gold:   234        SH:  8    Dex: 14    Spells: 2/13 levels left

rFire   . . .      SeeInvis +    v - +3 quarterstaff (chaos)
rCold   . . .      Faith    .    r - +0 kite shield
rNeg    + . .      Spirit   .    e - +0 robe
rPois   .          Reflect  .    (helmet unavailable)
rElec   .          Harm     .    w - +0 cloak
rCorr   .          Rampage  .    h - +0 pair of gloves
Will    .....                    A - +0 pair of boots
Stlth   +++                      (no amulet)
HPRegen 0.28/turn                D - ring of positive energy
MPRegen 0.13/turn                (no ring)

@: very slightly contaminated
A: permanent stasis, dig shafts and tunnels, antennae 3, four strong arms
a: Dig, Shaft Self


You were on level 6 of the Dungeon.
You visited 1 branch of the dungeon, and saw 6 of its levels.

You collected 292 gold pieces.
You spent 58 gold pieces at shops.

Inventory:

Hand Weapons
 a - a +2 short sword of venom
 p - a +0 dagger
 v - a +3 quarterstaff of chaos (weapon)
Missiles
 b - a throwing net
 k - 10 poisoned darts
Armour
 e - a +0 robe (worn)
 h - a +0 pair of gloves (worn)
 r - a +0 kite shield (worn)
 w - a +0 cloak (worn)
 A - a +0 pair of boots (worn)
Jewellery
 D - a ring of positive energy (left hand)
Wands
 m - a wand of light (14)
 C - a wand of digging (7)
Scrolls
 c - 3 scrolls of fear {unknown}
 f - 2 scrolls of noise {unknown}
 j - 9 scrolls of identify {unknown}
 s - 5 scrolls of amnesia {unknown}
 t - a scroll of enchant weapon {unknown}
 y - a scroll of teleportation {unknown}
 B - a scroll of fog {unknown}
Potions
 d - a potion of magic
 g - a potion of might {unknown}
 i - a potion of experience {unknown}
 l - a potion of mutation {unknown}
 n - 2 potions of resistance {unknown}
 o - 4 potions of haste
 q - a potion of degeneration {unknown}
 u - a potion of brilliance {unknown}
 x - a potion of heal wounds {unknown}
 z - a potion of attraction {unknown}


   Skills:
 + Level 2.7 Fighting
 - Level 1.0 Short Blades
 + Level 1.4 Staves
 - Level 1.7 Dodging
 - Level 4.0 Stealth
 + Level 3.1 Shields
 + Level 3.9 Spellcasting
 + Level 1.1 Conjurations
 + Level 3.7 Transmutations
 + Level 5.3 Earth Magic


You had 2 spell levels left.
You knew the following spells:

 Your Spells              Type           Power      Damage    Failure   Level
a - Sandblast             Erth           40%        2d10      4%          1
b - Passwall              Tmut/Erth      14%        N/A       10%         2
c - Petrify               Tmut/Erth      17%        N/A       52%         4
d - Apportation           Tloc           6%         N/A       38%         1
e - Stone Arrow           Conj/Erth      26%        3d8       32%         3

Your spell library contained the following spells:

 Spells                   Type           Power      Damage    Failure   Level
 Ignite Poison            Fire/Tmut/Pois 7%         N/A       58%         3
 Kindle Blastsparks       Fire/Tloc/Air  6%         2d10      77%         3
 Alistair's Intoxication  Tmut/Pois      6%         N/A       99%         5
 Freezing Cloud           Conj/Ice/Air   2%         6-21      100%        5


Dungeon Overview and Level Annotations

Branches:
Dungeon (6/15)
 Temple: D:4-7

Altars:
Gozag
Hepliaklqana
Zin
The Shining One

Shops:
D:3 [

Annotations:
D:5 dig, Pikel


Innate Abilities, Weirdness & Mutations

You cannot be hasted, slowed, berserked, paralysed or teleported.
You can dig through walls and to a lower floor.
You have a pair of large antennae on your head. (SInv)
Your four strong arms can wield two-handed weapons with a shield.


Message History

Aim: a lemure (moderately wounded, 79% to hit)
The blast of sand hits the lemure.
The lemure is heavily wounded.
The lemure hits you. x2
* * * LOW HITPOINT WARNING * * *
Casting: Sandblast (safe; 4% risk of failure)
Confirm with . or Enter, or press ? or * to list all spells.
Aiming: Sandblast (safe; 4% risk of failure)
Press: ? - help, Shift-Dir - straight line, f/p - lemure
Aim: a lemure (heavily wounded, 79% to hit)
The blast of sand hits the lemure.
The lemure is heavily wounded.
You block the lemure's attack.
Casting: Sandblast (safe; 4% risk of failure)
Confirm with . or Enter, or press ? or * to list all spells.
Aiming: Stone Arrow (dangerous; 32% risk of failure)
Press: ? - help, Shift-Dir - straight line, f/p - lemure
Aim: a lemure (heavily wounded, 60% to hit)
You miscast Stone Arrow.
You are very lightly contaminated with residual magic.
Nothing appears to happen.
The lemure hits you but does no damage.
You completely miss the lemure.
The lemure is heavily wounded.
The lemure hits you.
* * * LOW HITPOINT WARNING * * *
The lemure closely misses you.
Casting: Stone Arrow (dangerous; 32% risk of failure)
Confirm with . or Enter, or press ? or * to list all spells.
Aiming: Stone Arrow (dangerous; 32% risk of failure)
Press: ? - help, Shift-Dir - straight line, f/p - lemure
Aim: a lemure (heavily wounded, 60% to hit)
You miscast Stone Arrow.
A wave of violent energy washes through your body!
* * * LOW HITPOINT WARNING * * *
The lemure closely misses you.
It was a potion of haste.
Your stasis prevents you from being hasted.
You block the lemure's attack. The lemure attacks as you move away!
The lemure hits you.
You die...

.... ... ...
..# #..# . #
...#...
###.#.##.......
.......@.......
###....5......<
#...........#
#............
.....##.#.####
#....# [#.#
#.... .# #
#.... ##


You could see a lemure.

Vanquished Creatures
  A centaur (D:5)
  A necrophage (D:4)
  A jelly (D:5)
  Crazy Yiuf (D:4)
  4 hounds
  An orc priest (D:4)
  3 iguanas
  Natasha (thrice) (D:4)
  4 adders
  3 white imps (D:5)
  2 worms
  2 dart slugs
  5 orcs
  7 endoplasms
  4 giant cockroaches
  7 goblins
  7 hobgoblins
  4 jackals (D:1)
  5 kobolds
  3 quokkas
  3 ball pythons
  3 bats
  A frilled lizard (D:1)
  6 rats
81 creatures vanquished.

Vanquished Creatures (others)
  7 plants (D:1)
7 creatures vanquished.

Grand Total: 88 creatures vanquished

Notes
Turn   | Place    | Note
-------+----------+-------------------------------------------
     0 | D:1      | Khashishi the Formicid Earth Elementalist began the quest
                  | for the Orb.
     0 | D:1      | Reached XP level 1. HP: 13/13 MP: 3/3
    92 | D:1      | Reached XP level 2. HP: 13/19 MP: 0/5
   302 | D:1      | Reached skill level 4 in Earth Magic
   648 | D:1      | Reached XP level 3. HP: 24/24 MP: 6/6
  1052 | D:2      | Found a faded altar of an unknown god.
  1504 | D:3      | Reached XP level 4. HP: 31/31 MP: 2/8
  1658 | D:3      | Learned a level 2 spell: Passwall
  1663 | D:3      | Learned a level 4 spell: Petrify
  1791 | D:3      | Reached skill level 1 in Fighting
  2082 | D:3      | Found Wetimenue's Armour Boutique.
  2092 | D:3      | Bought a +0 kite shield for 58 gold pieces
  2197 | D:3      | Found a glowing silver altar of Zin.
  2204 | D:3      | Learned a level 1 spell: Apportation
  2438 | D:4      | Found an opulent altar of Gozag.
  2452 | D:4      | Found a hazy altar of Hepliaklqana.
  2458 | D:4      | Noticed Natasha
  2562 | D:4      | Killed Natasha
  2563 | D:4      | Reached XP level 5. HP: 37/37 MP: 5/9
  2723 | D:4      | Reached skill level 1 in Shields
  2800 | D:4      | Reached skill level 1 in Short Blades
  2800 | D:4      | Reached XP level 6. HP: 25/44 MP: 6/10
  2959 | D:4      | Found a runed translucent door.
  2960 | D:4      | Noticed Crazy Yiuf
  2967 | D:4      | Killed Crazy Yiuf
  3324 | D:4      | Noticed Natasha
  3332 | D:4      | Killed Natasha
  3356 | D:4      | Reached skill level 5 in Earth Magic
  3356 | D:4      | Reached XP level 7. HP: 40/50 MP: 6/12
  3379 | D:4      | Learned a level 3 spell: Stone Arrow
  3425 | D:5      | Entered Level 5 of the Dungeon
  3463 | D:5      | Found a glowing golden altar of the Shining One.
  3520 | D:5      | Reached skill level 1 in Staves
  3651 | D:4      | Noticed Natasha
  3657 | D:4      | Killed Natasha
  3926 | D:5      | Reached skill level 1 in Conjurations
  4055 | D:5      | Noticed Pikel
  4075 | D:6      | Slain by a lemure

Illustrated notes

Levels and vault maps discovered:
D:1:      mrwooster_arrival_statue, layout_basic, serial_forest,
          infiniplex_forest_end_double, infiniplex_forest_clump_tiny,
          infiniplex_forest_lined_3, infiniplex_forest_clump_double,
          infiniplex_forest_zigzag_2, infiniplex_forest_end_3,
          infiniplex_forest_side_room, infiniplex_forest_straight_5
D:2:      layout_rooms, serial_bayou, serial_bayou_pond_d, serial_bayou_pond_d,
          serial_bayou_crossing, serial_bayou_pond_c,
          hellmonk_ecumenical_altar_pennies_from_heaven, minmay_misc_feat_room,
          grunt_ministairs_11
D:3:      layout_basic, zin_scriptorium, serial_curves, eino_curves_02,
          eino_curves_02, serial_shops, nicolae_lakefront_shop
D:4:      layout_basic, mainiacjoe_overflow_catch_the_wave,
          uniq_crazy_yiuf_cottage, uniq_natasha
D:5:      layout_loops_ring, nicolae_tso_carved_into_rock, serial_glass,
          glass_columns_b, glass_columns_c, item_on_display_a,
          due_unseen_surprise, feat_on_display, uniq_pikel
D:6:      layout_basic, minmay_temple_entry_fiery, serial_bayou_ford_a

Skill      XL: |  1  2  3  4  5  6  7 |
---------------+----------------------+-----
Earth Magic    | 4 5 |  5.3
Transmutations | 2 3 |  3.7
Fighting       | 1 2 |  2.7
Spellcasting   | 3 |  3.9
Stealth        | 3 4 |  4.0
Shields        | 1 2 3 |  3.1
Short Blades   | 1 |  1.0
Staves         | 1 |  1.4
Conjurations   | 1 |  1.1
Dodging        | |  1.7

Action                   |  1- 3 |  4- 6 |  7- 9 || total
-------------------------+-------+-------+-------++-------
Melee: Unarmed           |    13 |       |       ||    13
       Short sword       |    36 |    29 |       ||    65
       Dagger            |     3 |       |       ||     3
       Punch             |     1 |     1 |       ||     2
       Quarterstaff      |       |     8 |    15 ||    23
 Fire: Sling             |     6 |       |       ||     6
 Cast: Sandblast         |    42 |    47 |    39 ||   128
  Use: Potion            |       |       |     1 ||     1
 Stab: Sleeping          |     1 |     6 |       ||     7
Armor: Robe              |     5 |     5 |    10 ||    20
Dodge: Dodged            |    32 |    25 |    18 ||    75
Block: Kite shield       |       |    13 |    20 ||    33

Table legend: (Time is in decaauts)
 A = Elapsed time spent in this place.
 B = Non-inter-level travel time spent in this place.
 C = Inter-level travel time spent in this place.
 D = Time resting spent in this place.
 E = Time spent auto-exploring this place.
 F = Levels seen in this place.
 G = Mean time per level.
                   A        B        C        D        E       F      G
               +--------+--------+--------+--------+--------+-----+--------+
         Total |   4156 |   3999 |    157 |      0 |   2583 |   6 |  692.7 |
       Dungeon |   4156 |   3999 |    157 |      0 |   2583 |   6 |  692.7 |
               +--------+--------+--------+--------+--------+-----+--------+

Top non-repeatable levels by time:
     D:4: 1090 daAuts
     D:1: 990 daAuts
     D:3: 888 daAuts
     D:5: 651 daAuts
     D:2: 526 daAuts
     D:6: 9 daAuts
